 Dungeon Crawl Stone Soup version 0.32-a0-768-g0f6f1dd4b9 (webtiles) character file.

Game seed: 6415020452371150197

1135 ajsyeti the Chiller (level 8, -3/54 HPs)
             Began as a Human Ice Elementalist on Mar 18, 2024.
             Was a Believer of the Shining One.
             Slain by a hornet (4 damage)
             ... on level 5 of the Dungeon.
             The game lasted 01:26:03 (4517 turns).

ajsyeti the Chiller (Human Ice Elementalist)        Turns: 4517, Time: 01:26:07

Health: -3/54      AC:  6    Str: 10    XL:     8   Next: 36%
Magic:  11/14      EV: 11    Int: 17    God:    the Shining One [**....]
Gold:   221        SH:  0    Dex: 11    Spells: 5/15 levels left

rFire   . . .        A - staff of cold
rCold   + . .        (no shield)
rNeg    + . .        v - +2 animal skin
rPois   .            (no helmet)
rElec   .            l - +0 cloak
rCorr   .            d - +0 pair of gloves
SInv    .            (no boots)
Will    .....        z - amulet of regeneration
Stlth   +            e - ring of wizardry
HPRegen 1.09/turn    j - +4 ring of slaying
MPRegen 0.14/turn

%: wizardry (x1)
@: lethally poisoned (-3 -> -4), freezing walls, slowed, glowing, very slow
A: explore regen, clumsy 1
a: Renounce Religion, Divine Shield


You were on level 5 of the Dungeon.
You worshipped the Shining One.
The Shining One was pleased with you.
You visited 1 branch of the dungeon, and saw 5 of its levels.

You collected 221 gold pieces.

Inventory:

Hand Weapons
 a - a +3 quarterstaff of chaos
 g - a +1 dagger
 r - a +4 spear
 B - a +1 sling of freezing
Missiles
 f - 18 stones
 t - 3 poisoned darts (quivered)
 F - 5 boomerangs
Armour
 d - a +0 pair of gloves (worn)
 k - a +2 helmet
 l - a +0 cloak (worn)
 q - a +0 robe
 v - a +2 animal skin (worn)
Magical Staves
 h - a staff of conjuration
 m - a staff of death {Death}
 A - a staff of cold (weapon)
Jewellery
 e - a ring of wizardry (left hand)
 i - a +5 ring of evasion
 j - a +4 ring of slaying (right hand)
 p - a +5 ring of evasion
 s - a ring of positive energy
 u - a +4 ring of protection
 z - an amulet of regeneration (around neck)
Wands
 E - a wand of digging (5)
Scrolls
 c - a scroll of blinking
 o - a scroll of fog
 y - 2 scrolls of teleportation
 C - a scroll of summoning {unknown}
 D - a scroll of identify
Potions
 b - a potion of magic
 n - 4 potions of lignification
 w - a potion of heal wounds
 x - 5 potions of curing


   Skills:
 + Level 1.3 Fighting
 * Level 3.7 Staves
 + Level 1.6 Ranged Weapons
 + Level 3.6 Throwing
 - Level 0.3 Armour
 + Level 3.5 Dodging
 - Level 2.4 Stealth
 + Level 4.3 Spellcasting
 + Level 1.8 Summonings
 + Level 5.9 Ice Magic


You had 5 spell levels left.
You knew the following spells:

 Your Spells              Type           Power      Damage    Failure   Level
a - Freeze                Ice            100%       1d10      1%          1
b - Summon Ice Beast      Ice/Summ       25%        N/A       4%          3
c - Frozen Ramparts       Ice            70%        1d11      1%          3
d - Passwall              Erth           3%         N/A       17%         3

Your spell library contained the following spells:

 Spells                   Type           Power      Damage    Failure   Level
 Ozocubu's Armour         Ice            35%        N/A       1%          3
 Ensorcelled Hibernation  Hex/Ice        40%        N/A       2%          2
 Swiftness                Air            3%         N/A       17%         3


Dungeon Overview and Level Annotations

Branches:
Dungeon (5/15)
 Temple: D:4-7

Altars:
The Shining One


Innate Abilities, Weirdness & Mutations

You regain HP and MP as you explore.
You are clumsy. (Dex -2)


Message History

Casting: Frozen Ramparts (safe; 1% risk of failure)
Press: ? - help, Dir - look around, f - activate Look: an adder (haloed)
You feel a surge of power!
The walls around you are covered in ice.
The wall freezes the adder.
The adder bites you but does no damage.
The wall freezes the ogre.
The ogre closely misses you.
The wall freezes the adder.
The adder seems to slow down.
The adder barely misses you.
The wall freezes the hound.
You hit the adder.
You kill the adder!
The wall freezes the adder.
The adder seems to slow down.
The wall freezes the hornet but does no damage.
The wall freezes the ogre.
The ogre barely misses you.
The wall freezes the adder!
You kill the adder!
You hit the ogre but do no damage.
The ogre is moderately wounded.
The wall freezes the hound. x2; The hound bites you.
You hit the hound.
The hound is almost dead.
The wall freezes the ogre.
The ogre hits you with a +0 giant spiked club!!
The wall freezes the hound!
You kill the hound!
The wall freezes the hornet but does no damage.
You closely miss the hornet.
The wall freezes the hornet.
The hornet stings you.
You feel yourself slow down.
The wall freezes the ogre.
The ogre misses you.
The wall freezes the hornet.
The hornet stings you.
* * * LOW HITPOINT WARNING * * *
You are poisoned.
You feel as though you will be slow longer.
You hit the ogre.
The ogre is heavily wounded.
You feel very sick.
The wall freezes the hornet.
The hornet stings you!
* * * LOW HITPOINT WARNING * * *
You feel as though you will be slow longer.
The wall freezes the hornet.
The hornet stings you.
You die...

#.... ##...########
#...........#######
#....#......'))...# ########
#....#..##..#)....# ##......#
##...#..##..#..#..# #.......#
##...#......#.....# #.......#
.'...#...)..#.....# #.......#
.#...###########@#######......#
.#...#.. .f#..Oy#....##......#
##...#.. .#r#....#....##......#
##...##+# . +....#....##......#
##'####"#####....#............#
>.....###...######............#
..............'...............#
......##.....##.......##......#
......##.....################'#


You could see a hornet and an ogre.

Vanquished Creatures
  A black bear (D:5)
  2 ogres (D:4)
  The ghost of Nebesus the Sneak, an amateur KoBe of Trog (D:4)
  A scorpion (D:4)
  2 orc priests
  Crazy Yiuf (D:3)
  A hound (D:5)
  A sleepcap (D:4)
  Terence (D:2)
  An iguana (D:5)
  An orc wizard (D:3)
  Natasha (D:2)
  Robin (D:3)
  3 adders
  3 dart slugs
  12 orcs
  5 ball pythons
  3 bats
  9 endoplasms
  3 giant cockroaches
  17 goblins
  7 hobgoblins
  3 jackals (D:4)
  2 quokkas (D:3)
  A frilled lizard (D:2)
  2 kobolds (D:3)
  6 rats
91 creatures vanquished.

Vanquished Creatures (collateral kills)
  Sigmund (D:3)
  A bombardier beetle (D:5)
  A jelly (D:5)
  An orc priest (D:3)
  Natasha (twice) (D:2)
  An orc wizard (D:3)
  2 adders (D:2)
  A ribbon worm (D:2)
  An orc (D:4)
  A ball python (D:2)
  A hobgoblin (D:2)
  A kobold (D:3)
  A rat (D:2)
15 creatures vanquished.

Grand Total: 106 creatures vanquished

Notes
Turn   | Place    | Note
-------+----------+-------------------------------------------
     0 | D:1      | ajsyeti the Human Ice Elementalist began the quest for the
                  | Orb.
     0 | D:1      | Reached XP level 1. HP: 13/13 MP: 3/3
   132 | D:1      | Reached XP level 2. HP: 10/19 MP: 1/5
   954 | D:2      | Reached XP level 3. HP: 24/24 MP: 6/6
   958 | D:2      | Learned a level 3 spell: Summon Ice Beast
   959 | D:2      | Noticed Natasha
   963 | D:2      | Killed Natasha
   992 | D:2      | Reached XP level 4. HP: 30/30 MP: 7/7
  1067 | D:2      | Noticed Terence
  1078 | D:2      | Killed Terence
  1274 | D:2      | Found a faded altar of an unknown god.
  1274 | D:2      | Noticed a red devil
  1285 | D:2      | Prayed at the altar of an unknown god.
  1285 | D:2      | Became a worshipper of the Shining One
  1285 | D:2      | Reached * piety under the Shining One
  1556 | D:2      | Noticed Natasha
  1565 | D:2      | Killed Natasha
  1566 | D:2      | Reached XP level 5. HP: 26/35 MP: 1/9
  1567 | D:2      | Reached skill level 1 in Throwing
  1587 | D:2      | Learned a level 3 spell: Frozen Ramparts
  2130 | D:2      | Noticed Natasha
  2137 | D:2      | Killed Natasha
  2284 | D:3      | Learned a level 3 spell: Passwall
  2311 | D:3      | Noticed Sigmund
  2329 | D:3      | Killed Sigmund
  2330 | D:3      | Reached skill level 1 in Staves
  2330 | D:3      | Reached skill level 1 in Summonings
  2330 | D:3      | Reached skill level 5 in Ice Magic
  2330 | D:3      | Reached XP level 6. HP: 22/42 MP: 5/10
  2356 | D:3      | Gained mutation: You are clumsy. (Dex -2) [potion of
                  | mutation]
  2531 | D:3      | Noticed Robin
  2536 | D:3      | Reached XP level 7. HP: 44/47 MP: 8/12
  2543 | D:3      | Killed Robin
  2544 | D:3      | Reached skill level 1 in Ranged Weapons
  2694 | D:3      | Reached ** piety under the Shining One
  2899 | D:3      | Found a runed translucent door.
  2900 | D:3      | Noticed Crazy Yiuf
  2909 | D:3      | Killed Crazy Yiuf
  3322 | D:4      | HP: 1/47 [ogre/+0 giant spiked club (25)]
  3417 | D:4      | Reached skill level 1 in Fighting
  3594 | D:4      | Found a runed translucent door.
  3595 | D:4      | Noticed Nebesus's ghost (amateur KoBe)
  3697 | D:4      | Killed Nebesus's ghost
  3698 | D:4      | Reached XP level 8. HP: 44/54 MP: 7/14
  4283 | D:5      | Entered Level 5 of the Dungeon
  4484 | D:5      | Noticed a hornet
  4517 | D:5      | HP: 1/54 [hornet (13)]
  4517 | D:5      | Slain by a hornet

Illustrated notes

Levels and vault maps discovered:
D:1:      lightli_arrival_quake, layout_loops_ring, minmay_box_of_dots
D:2:      layout_loops_ring, serial_forest, infiniplex_forest_lined_room_,
          infiniplex_forest_end_2, infiniplex_forest_corner_1,
          infiniplex_forest_side_room, infiniplex_forest_end_2,
          infiniplex_forest_lined_ring, dreamdust_ecumenical_altar_sealed_demon,
          columned_hall_lemuel, lightli_corner_chamber, uniq_natasha,
          uniq_terence
D:3:      layout_loops_ring, uniq_sigmund, uniq_robin, uniq_crazy_yiuf_cottage
D:4:      layout_basic, gammafunk_ghost_grave
D:5:      minmay_clustersquares, layout_gridville, minmay_temple_entry_slanted

Skill      XL: |  1  2  3  4  5  6  7 |
---------------+----------------------+-----
Spellcasting   | 3 4 |  4.3
Throwing       | 2 3 |  3.6
Staves         | 1 2 3 |  3.7
Summonings     | 1 |  1.8
Ice Magic      | 5 |  5.9
Dodging        | 3 |  3.5
Ranged Weapons | 1 |  1.6
Fighting       | 1 |  1.3
Armour         | |  0.3
Stealth        | |  2.4

Action                     |  1- 3 |  4- 6 |  7- 9 || total
---------------------------+-------+-------+-------++-------
  Melee: Unarmed           |     2 |       |       ||     2
         Staff             |    25 |    19 |    73 ||   117
         Dagger            |       |   374 |       ||   374
   Fire: Sling             |     6 |     8 |     6 ||    20
  Throw: Boomerang         |    15 |    32 |       ||    47
         Dart              |       |     1 |    29 ||    30
   Cast: Freeze            |    13 |     2 |    19 ||    34
         Summon Ice Beast  |     1 |     8 |     5 ||    14
         Frozen Ramparts   |       |     2 |     4 ||     6
  Evoke: Wand              |       |       |     1 ||     1
    Use: Scroll            |     2 |     3 |     2 ||     7
         Potion            |       |     3 |     1 ||     4
   Stab: Sleeping          |     1 |       |       ||     1
 Armour: Robe              |     7 |       |       ||     7
         Leather armour    |     3 |    54 |     4 ||    61
         Skin              |       |     3 |       ||     3
         Animal skin       |       |       |    40 ||    40
  Dodge: Dodged            |    12 |    34 |    42 ||    88

Table legend: (Time is in decaauts)
 A = Elapsed time spent in this place.
 B = Non-inter-level travel time spent in this place.
 C = Inter-level travel time spent in this place.
 D = Time resting spent in this place.
 E = Time spent auto-exploring this place.
 F = Levels seen in this place.
 G = Mean time per level.
                   A        B        C        D        E       F      G
               +--------+--------+--------+--------+--------+-----+--------+
         Total |   4565 |   1344 |   3221 |     16 |     24 |   5 |  913.0 |
       Dungeon |   4565 |   1344 |   3221 |     16 |     24 |   5 |  913.0 |
               +--------+--------+--------+--------+--------+-----+--------+

Top non-repeatable levels by time:
     D:2: 1217 daAuts
     D:4: 1152 daAuts
     D:3: 995 daAuts
     D:1: 966 daAuts
     D:5: 233 daAuts
